 Dungeon Crawl Stone Soup version 0.25-a0-21-ga5a8db46c7 (webtiles) character file.

Game seed: 16968429819532946674, levelgen mode: deterministic

163266 Arixos the Cleaver (level 16, -2/154 HPs)
             Began as a Demonspawn Fighter on Oct 16, 2019.
             Was the Champion of Okawaru.
             Slain by a merfolk
             ... wielding a +0 trident
              (5 damage)
             ... on level 2 of the Shoals.
             The game lasted 02:41:56 (32301 turns).

Arixos the Cleaver (Demonspawn Fighter)            Turns: 32301, Time: 02:41:56

Health: -2/154     AC: 34    Str: 25    XL:     16   Next: 98%
Magic:  16/16      EV: 12    Int: 13    God:    Okawaru [******]
Gold:   2626       SH:  0    Dex: 18    Spells: 15/15 levels left

rFire    + . .     SeeInvis +   x - +9 broad axe (venom)
rCold    . . .     Gourm    .   r - +2 large shield {AC+3}
rNeg     + . .     Faith    .   C - +4 plate armour {rF+}
rPois    +         Spirit   .   m - +2 helmet {SInv}
rElec    +         Reflect  +   g - +1 cloak {rPois}
rCorr    +         Harm     .   X - +1 pair of gloves {Str+3}
MR       +....                  (no boots)
Stlth    ..........             k - +3 amulet of reflection
HPRegen  0.35/turn              G - ring "Oguuhuuf" {+Fly rElec rN+ Slay+3}
MPRegen  0.15/turn              a - ring of resist corrosion

@: agile, engulfed (cannot breathe), flying, mesmerised, held, hasted, studying
Invocations, very quick
A: hooves 2, rugged brown scales 3, clever 1, demonic guardian 1, nightstalker
2, robust 1
}: 1/15 runes: gossamer
a: Heroism, Finesse, Renounce Religion, Stop Flying


You were on level 2 of the Shoals.
You worshipped Okawaru.
Okawaru was exalted by your worship.
You were not hungry.

You visited 6 branches of the dungeon, and saw 26 of its levels.
You also visited: Ossuary.

You collected 2778 gold pieces.
You spent 152 gold pieces at shops.

Inventory:

Hand Weapons
 x - a +9 broad axe of venom (weapon)
 B - the +6 hand axe of the Lame Duck {flame, rC+}
   (You took it off a kobold demonologist on level 9 of the Dungeon)

   It has been specially enchanted to burn those struck by it, causing extra
   injury to most foes and up to half again as much damage against particularly
   susceptible opponents.
   Big, fiery blades are also staple armaments of hydra-hunters.
   It protects you from cold.
Missiles
 l - 33 poisoned darts
 R - 10 atropa-tipped darts (quivered)
Armour
 f - a +3 ring mail of cold resistance
 g - a +1 cloak of poison resistance (worn)
 m - a +2 helmet of see invisible (worn)
 r - a +2 large shield of protection (worn)
 C - a +4 plate armour of fire resistance (worn)
 D - a scarf of cloud immunity
 X - a +1 pair of gloves of strength (worn)
Jewellery
 a - a ring of resist corrosion (right hand)
 c - an uncursed amulet of the gourmand
 k - a +3 amulet of reflection (around neck)
 n - an uncursed ring of protection from magic
 A - an uncursed ring of positive energy
 G - the ring "Oguuhuuf" (left hand) {+Fly rElec rN+ Slay+3}
   (You found it on level 3 of the Spider Nest)

   [ring of flight]

   It affects your accuracy and damage with ranged weapons and melee attacks
   (+3).
   It insulates you from electricity.
   It protects you from negative energy.
   It lets you fly.
 I - an uncursed ring of wizardry
 L - an uncursed ring of protection from fire
 P - the amulet "Padal" {+Rage +Fly rElec rC- Int+6}
   (You found it on level 4 of the Lair of Beasts)

   [amulet of rage]

   It affects your intelligence (+6).
   It makes you vulnerable to cold.
   It insulates you from electricity.
   It lets you fly.
   It lets you go berserk.
 T - an uncursed ring of positive energy
 U - an uncursed ring of protection from fire
Wands
 b - a wand of iceblast (13)
 h - a wand of flame (30)
 p - a wand of enslavement (11)
 v - a wand of random effects (57)
 z - a wand of digging (6)
 M - a wand of disintegration (28)
 O - a wand of paralysis (4)
 V - a wand of acid (4)
Scrolls
 i - 4 scrolls of immolation
 o - 3 scrolls of identify
 q - 20 scrolls of remove curse
 t - 7 scrolls of teleportation
 y - 5 scrolls of magic mapping
 F - 4 scrolls of fog
Potions
 e - 3 potions of brilliance
 j - 2 potions of haste
 s - 2 potions of magic
 u - 8 potions of curing
 H - a potion of mutation
 J - 7 potions of ambrosia
 N - 5 potions of flight
 S - a potion of agility
Books
 w - a manual of Invocations
Miscellaneous
 Q - a lamp of fire
Comestibles
 d - 36 rations
 E - 11 chunks of flesh


   Skills:
 + Level 13.7 Fighting
 * Level 14.3 Axes
 + Level 12.6 Armour
 + Level 12.3 Dodging
 + Level 12.7 Shields
 - Level 1.7 Unarmed Combat


You had 15 spell levels left.
You didn't know any spells.
Your spell library contained the following spells:

 Spells                   Type           Power        Failure   Level  Hunger
 Apportation              Tloc           #.....       100%        1    ##.....
 Beastly Appendage        Tmut           #.....       100%        1    ##.....
 Flame Tongue             Conj/Fire      #....        100%        1    ##.....
 Shock                    Conj/Air       #...         100%        1    ##.....
 Summon Butterflies       Summ           #.......     100%        1    ##.....
 Summon Small Mammal      Summ           #...         100%        1    ##.....
 Call Imp                 Summ           #.......     100%        2    ###....
 Sticks to Snakes         Tmut           #.......     100%        2    ###....
 Swiftness                Chrm/Air       #.......     100%        2    ###....
 Throw Flame              Conj/Fire      #.....       100%        2    ###....
 Call Canine Familiar     Summ           #.......     100%        3    ####...
 Conjure Flame            Conj/Fire      #.......     100%        3    ####...
 Inner Flame              Hex/Fire       #.......     100%        3    ####...
 Lesser Beckoning         Tloc           #.........   100%        3    ####...
 Spider Form              Tmut/Pois      #.........   100%        3    ####...
 Static Discharge         Conj/Air       #.......     100%        3    ####...
 Summon Guardian Golem    Hex/Summ       #.......     100%        3    ####...
 Tukima's Dance           Hex            #.......     100%        3    ####...
 Airstrike                Air            #.........   100%        4    #####..
 Ice Form                 Ice/Tmut       #.......     100%        4    #####..
 Sticky Flame             Conj/Fire      #.......     100%        4    #####..
 Summon Ice Beast         Ice/Summ       #.......     100%        4    #####..
 Summon Lightning Spire   Summ/Air       #.......     100%        4    #####..
 Alistair's Intoxication  Tmut/Pois      #.......     100%        5    ######.
 Blade Hands              Tmut           #.........   100%        5    ######.
 Fireball                 Conj/Fire      #.........   100%        5    ######.
 Lightning Bolt           Conj/Air       #.........   100%        5    ######.
 Invisibility             Hex            #.......     100%        6    #######


Dungeon Overview and Level Annotations

Branches:
Dungeon (11/15)            Temple (1/1) D:4            Lair (6/6) D:11
 Shoals (1/4) Lair:3       Spider (4/4) Lair:2        Slime (0/5) Lair:6
    Orc (2/2) D:11            Elf (0/3) Orc:2       Ossuary (visited)

Altars:
Ashenzari
Cheibriados
Dithmenos
Elyvilon
Fedhas
Gozag
Hepliaklqana
Kikubaaqudgha
Makhleb
Nemelex Xobeh
Okawaru
Qazlal
Ru
Sif Muna
Trog
Uskayaw
Vehumet
Wu Jian
Xom
Yredelemnul
Zin
The Shining One

Shops:
D:8 (   Orc:2 :[*(

Annotations:
Shoals:2 Ilsuiw


Innate Abilities, Weirdness & Mutations

You have hoof-like feet.
You are completely covered in rugged brown scales. (AC +3, +7% HP)
A weak demonic guardian rushes to your aid.
You are significantly more attuned to the shadows.
Your mind is acute. (Int +2)
You are robust. (+10% HP)


Message History

* * * LOW HITPOINT WARNING * * *
The manticore barely misses you.
The merfolk hits you but does no damage.
Your shadow imp hits the water elemental.
The merfolk throws a boomerang.
The boomerang hits you.
* * * LOW HITPOINT WARNING * * *
The weapon returns to the merfolk!
The water elemental hits you. x2
Okay, then.
You cannot read scrolls while unable to breathe!
You struggle against the net.
* * * LOW HITPOINT WARNING * * *
Your lungs strain for air!
The merfolk siren chants its luring song.
The water elemental hits you.
The merfolk siren chants its luring song.
The manticore barely misses you. x2; The manticore closely misses you.
Ilsuiw barely misses you.
Your shadow imp splashes around in the water.
The merfolk hits you from afar with a +0 trident.
You die...

≈≈≈≈..≈≈###.≈≈..##....
≈≈≈≈≈.≈≈≈≈..≈...###...
≈≈≈≈≈≈≈≈≈≈....≈(##...#
≈≈≈≈≈≈≈≈≈≈≈≈≈.........
≈≈≈≈≈≈≈(≈(≈≈≈≈....≈≈≈.
≈≈≈≈≈≈≈≈(≈≈≈≈≈≈≈..≈≈.≈
≈≈≈≈≈≈≈≈≈≈≈≈≈≈≈....≈≈.
≈≈≈m))E≈≈≈≈≈≈≈≈....≈≈≈
≈≈≈mH@≈≈≈≈≈≈≈≈≈≈......
≈≈≈≈)EEm≈≈≈≈≈≈ ≈.
≈≈m≈≈≈5≈≈≈≈≈≈ ..
≈≈≈.......≈≈ ≈≈
≈m.#.....(≈ ≈≈
≈..##.....≈ ≈ ≈ ≈ ≈


You could see Ilsuiw (invisible), 2 merfolk, a manticore, 3 water elementals, 2
merfolk sirens and a friendly shadow imp.

Vanquished Creatures
  Saint Roka (Orc:2)
  Arachne (Spider:4)
  Agnes (Spider:2)
  An orc warlord (Orc:2)
  7 ghost moths
  6 emperor scorpions
  The ghost of Arixos the Carver, an adept VSSk of Ru (Spider:4)
  6 entropy weavers
  A stone giant (Orc:2)
  2 spark wasps
  2 merfolk javelineers (Shoals:2)
  2 ghost crabs (Lair:5)
  2 hydras
  An ice dragon (Lair:6)
  4 two-headed ogres
  A catoblepas (D:9)
  5 orc high priests (Orc:2)
  Nergalle (Lair:2)
  4 death yaks
  5 fire crabs (Lair:5)
  An unseen horror (D:9)
  2 orc knights (Orc:2)
  The ghost of Tagedieb the Vexing, a novice NaEn (D:7)
  A lindwurm (Lair:6)
  20 orb spiders
  2 manticores
  4 fauns
  An oklob plant (Lair:6)
  An ugly thing (D:11)
  A cyclops (D:9)
  The ghost of Amen the Magician, a novice GnWz of Ashenzari (D:5)
  An orc sorcerer (Orc:2)
  21 wolf spiders
  4 elephants (Lair:6)
  4 merfolk sirens
  4 moths of wrath
  6 torpor snails
  2 water nymphs (Shoals:1)
  5 black mambas
  An apocalypse crab (Lair:5)
  10 spiny frogs
  A kobold demonologist (D:9)
  A rime drake (Lair:5)
  14 demonic crawlers
  2 komodo dragons (Lair:4)
  An efreet (D:9)
  2 merfolk
  A queen bee (Spider:4)
  3 meliai (Spider:4)
  37 jumping spiders
  A polar bear (Lair:6)
  4 trolls
  4 tyrant leeches (Lair:6)
  13 hornets
  12 blink frogs
  7 hippogriffs
  A snapping turtle (Shoals:2)
  Sigmund (D:3)
  85 redbacks
  2 water elementals (Shoals:2)
  9 wyverns
  29 tarantellas
  40 yaks
  2 basilisks
  A hungry ghost (D:11)
  4 wargs
  17 water moccasins
  8 porcupines
  24 orc warriors
  4 ice beasts
  3 sky beasts
  13 ogres
  3 wolves (Lair:4)
  3 phantoms
  A necrophage (D:9)
  2 centaurs (D:9)
  9 crocodiles
  20 bullfrogs
  3 gnoll sergeants
  3 wights (D:10)
  2 scorpions
  19 killer bees
  4 howler monkeys
  2 electric eels
  8 crimson imps
  4 centaur zombies
  A lava snake (Orc:1)
  13 jellies
  A bullfrog zombie (D:10)
  4 centaur skeletons
  Crazy Yiuf (D:2)
  2 bullfrog skeletons (D:5)
  A human zombie (Ossuary)
  13 orc priests
  13 orc wizards
  6 hounds
  3 iguanas
  2 hell rats (Lair:6)
  7 worker ants
  A hound zombie (D:11)
  5 mummies (Ossuary)
  9 gnolls
  A howler monkey skeleton (D:4)
  2 worker ant zombies
  13 adders
  11 river rats (Lair:6)
  5 shadow imps (D:8)
  3 oozes (Lair:6)
  An adder skeleton (D:5)
  An adder zombie (D:10)
  4 worms
  3 dart slugs
  5 leopard geckos
  56 orcs
  8 bats
  6 giant cockroaches
  7 goblins
  5 hobgoblins
  6 jackals
  8 kobolds
  3 quokkas
  A ball python zombie (D:6)
  3 frilled lizards
  2 gnoll zombies (Ossuary)
  A goblin zombie (Ossuary)
  A hobgoblin zombie (Ossuary)
  A jackal skeleton (D:4)
  An orc zombie (Ossuary)
  6 rats
  4 fungi
  3 plants (Lair:6)
829 creatures vanquished.

Vanquished Creatures (collateral kills)
  An entropy weaver (Spider:4)
  3 hydras
  Harold (D:9)
  A death yak (D:10)
  An orc high priest (Orc:2)
  An ugly thing (D:11)
  A manticore (D:11)
  An orb spider (Spider:4)
  A wolf spider (Spider:4)
  2 spiny frogs
  A centaur skeleton (D:10)
  A jumping spider (Spider:4)
  3 blink frogs
  2 redbacks
  2 yaks
  A wyvern (D:9)
  A soldier ant (D:9)
  A water moccasin (Lair:6)
  An ice beast (D:9)
  An ogre (D:11)
  A centaur (Shoals:1)
  A wight (D:10)
  4 orcs
  A quokka (D:9)
34 creatures vanquished.

Vanquished Creatures (others)
  Maurice (D:8)
  A jumping spider (Spider:4)
  A black bear (D:7)
  A centaur (D:7)
  A bullfrog (D:7)
  A killer bee (Spider:4)
  A howler monkey (D:7)
  A gnoll shaman (D:7)
  A gnoll (D:7)
  An adder skeleton (D:9)
  An orc (D:7)
  26 fungi
  21 plants (Lair:6)
58 creatures vanquished.

Grand Total: 921 creatures vanquished

Notes
Turn   | Place    | Note
-------+----------+-------------------------------------------
     0 | D:1      | Arixos the Demonspawn Fighter began the quest for the Orb.
     0 | D:1      | Reached XP level 1. HP: 18/18 MP: 1/1
   157 | D:1      | Gained mutation: You are partially covered in rugged brown
                  | scales. (AC +1, +3% HP) [demonic ancestry]
   157 | D:1      | Reached XP level 2. HP: 8/24 MP: 2/2
   889 | D:2      | Reached skill level 1 in Dodging
   946 | D:2      | Reached XP level 3. HP: 28/29 MP: 3/3
  1419 | D:2      | Found a glowing golden altar of the Shining One.
  1576 | D:2      | Found a runed translucent door.
  1577 | D:2      | Noticed Crazy Yiuf
  1587 | D:2      | Killed Crazy Yiuf
  1587 | D:2      | Gained mutation: You are slightly more attuned to the
                  | shadows. [demonic ancestry]
  1587 | D:2      | Reached XP level 4. HP: 12/36 MP: 4/4
  2255 | D:3      | Found a blossoming altar of Fedhas.
  2612 | D:3      | Noticed Sigmund
  2636 | D:3      | Killed Sigmund
  2636 | D:3      | Reached XP level 5. HP: 36/43 MP: 5/5
  2636 | D:3      | Gained mutation: You have large cloven feet. [demonic
                  | ancestry]
  2636 | D:3      | Reached XP level 6. HP: 41/49 MP: 6/6
  2947 | D:4      | Found a sparkling altar of Nemelex Xobeh.
  3077 | D:4      | Found a staircase to the Ecumenical Temple.
  3495 | D:4      | Reached XP level 7. HP: 54/56 MP: 7/7
  3684 | D:4      | Reached skill level 5 in Fighting
  3846 | D:5      | Entered Level 5 of the Dungeon
  3930 | D:5      | Noticed Amen's ghost (novice GnWz)
  4354 | D:5      | Reached skill level 5 in Armour
  4395 | D:5      | Found a runed translucent door.
  4652 | D:5      | Reached skill level 5 in Shields
  4652 | D:5      | Reached XP level 8. HP: 61/64 MP: 8/8
  5838 | D:6      | Found a hide-covered altar of Uskayaw.
  5840 | D:6      | Found a shimmering blue altar of Sif Muna.
  5842 | D:6      | Found a burning altar of Makhleb.
  6275 | D:7      | Noticed a hippogriff
  6307 | D:6      | Reached skill level 5 in Dodging
  6374 | D:7      | Killed a hippogriff
  6392 | D:7      | Gained mutation: You have hoof-like feet. [demonic
                  | ancestry]
  6392 | D:7      | Reached XP level 9. HP: 73/73 MP: 9/9
  6419 | D:7      | Found a shimmering altar of Xom.
  6489 | D:7      | Found a transporter.
  6508 | D:7      | Found a transporter.
  6528 | D:7      | Noticed Tagedieb's ghost (novice NaEn)
  6532 | D:7      | Noticed a moth of wrath
  6570 | D:7      | Noticed a two-headed ogre
  6834 | D:8      | Found a sand-covered staircase.
  6894 | Ossuary  | Entered an ossuary
  7164 | D:8      | Noticed a two-headed ogre
  7187 | D:8      | Killed a two-headed ogre
  7832 | D:8      | Noticed Maurice
  7851 | D:8      | Gained mutation: Your spells are a little easier to cast,
                  | but a little less powerful. [potion of mutation]
  7851 | D:8      | Gained mutation: You are frail. (-10% HP) [potion of
                  | mutation]
  7851 | D:8      | Gained mutation: You occasionally shout uncontrollably at
                  | your foes. [potion of mutation]
  7851 | D:8      | Gained mutation: You expend magic power (3 MP) to
                  | strengthen your wands. [potion of mutation]
  7851 | D:8      | Killed Maurice
  8020 | D:8      | Gained mutation: A weak demonic guardian rushes to your
                  | aid. [demonic ancestry]
  8020 | D:8      | Reached XP level 10. HP: 72/74 MP: 10/10
  8028 | D:8      | Lost mutation: You are frail. (-10% HP) [potion of
                  | mutation]
  8028 | D:8      | Lost mutation: Your spells are a little easier to cast, but
                  | a little less powerful. [potion of mutation]
  8028 | D:8      | Lost mutation: You expend magic power (3 MP) to strengthen
                  | your wands. [potion of mutation]
  8028 | D:8      | Lost mutation: You occasionally shout uncontrollably at
                  | your foes. [potion of mutation]
  8028 | D:8      | Gained mutation: Your mind is acute. (Int +2) [potion of
                  | mutation]
  8028 | D:8      | Gained mutation: You are robust. (+10% HP) [potion of
                  | mutation]
  8281 | D:8      | Found Piejut's Weapon Shop.
  8468 | D:8      | Found a snail-covered altar of Cheibriados.
  8867 | D:9      | Found a runed translucent door.
  8876 | D:9      | Noticed an eight-headed hydra
  8876 | D:9      | Noticed a catoblepas
  9033 | D:9      | Noticed a cyclops
  9057 | D:9      | Killed a cyclops
  9588 | D:9      | Killed an unseen horror
  9588 | D:9      | Reached skill level 1 in Axes
  9626 | D:9      | Noticed a two-headed ogre
  9808 | D:9      | Noticed Harold
  9819 | D:10     | Entered Level 10 of the Dungeon
  9932 | D:10     | Reached skill level 2 in Axes
 10225 | Temple   | Entered the Ecumenical Temple
 10359 | Temple   | Became a worshipper of Warmaster Okawaru
 10628 | D:9      | Reached skill level 3 in Axes
 10823 | D:9      | Killed a two-headed ogre
 10823 | D:9      | Reached * piety under Okawaru
 10823 | D:9      | Reached XP level 11. HP: 98/98 MP: 11/11
 10918 | D:9      | Reached ** piety under Okawaru
 10981 | D:9      | Killed Harold
 10981 | D:9      | Reached skill level 4 in Axes
 10990 | D:9      | Killed a catoblepas
 10996 | D:9      | Reached *** piety under Okawaru
 11003 | D:9      | Identified the +6 hand axe of the Lame Duck {flame, rC+}
 11011 | D:9      | Noticed a soul eater
 11183 | D:9      | Killed a four-headed hydra
 11459 | D:9      | Found a blossoming altar of Fedhas.
 11840 | D:10     | Reached skill level 5 in Axes
 12310 | D:11     | Reached **** piety under Okawaru
 12351 | D:11     | Noticed a green ugly thing
 12370 | D:11     | Killed a green ugly thing
 12476 | D:11     | Reached skill level 6 in Axes
 12498 | D:11     | Found a staircase to the Orcish Mines.
 12554 | D:11     | Noticed a brown ugly thing
 12555 | D:11     | Noticed a death yak
 12560 | D:11     | Noticed a death yak
 12563 | D:11     | Noticed a death yak
 12565 | D:11     | Noticed a death yak
 12565 | D:11     | Noticed a death yak
 12586 | D:10     | Killed a death yak
 12874 | D:10     | Killed a death yak
 12874 | D:10     | Gained mutation: You are significantly more attuned to the
                  | shadows. [demonic ancestry]
 12874 | D:10     | Reached XP level 12. HP: 59/109 MP: 9/12
 13062 | D:10     | Killed a death yak
 13062 | D:10     | Reached ***** piety under Okawaru
 13109 | D:11     | Found a staircase to the Lair.
 13134 | D:11     | Noticed a two-headed ogre
 13142 | D:11     | Killed a two-headed ogre
 13415 | Lair:1   | Entered Level 1 of the Lair of Beasts
 13478 | Lair:1   | Noticed a five-headed hydra
 13494 | Lair:1   | Killed a one-headed hydra
 13494 | Lair:1   | Reached skill level 10 in Fighting
 13494 | Lair:1   | Reached skill level 7 in Axes
 13866 | Lair:1   | Noticed a seven-headed hydra
 13874 | Lair:1   | Killed a three-headed hydra
 14729 | Lair:2   | Noticed an eight-headed hydra
 14738 | Lair:2   | Killed a three-headed hydra
 14738 | Lair:2   | Received a gift from Okawaru
 14989 | Lair:2   | Noticed Nergalle
 15011 | Lair:2   | Killed Nergalle
 15681 | Lair:2   | Reached skill level 8 in Axes
 15755 | Lair:2   | Found a hole to the Spider Nest.
 16456 | Lair:3   | Found a staircase to the Shoals.
 16928 | Lair:4   | Got a fine lead amulet
 16944 | Lair:4   | Reached XP level 13. HP: 92/117 MP: 13/13
 17574 | Lair:5   | Found a runed translucent door.
 17594 | Lair:5   | Received a gift from Okawaru
 17852 | Lair:5   | Identified the amulet "Padal" {+Rage +Fly rElec rC- Int+6}
                  | (You found it on level 4 of the Lair of Beasts)
 17862 | Lair:5   | Noticed an entropy weaver
 17864 | Lair:5   | Reached skill level 9 in Axes
 17873 | Lair:5   | Killed an entropy weaver
 17873 | Lair:5   | Reached skill level 10 in Armour
 17873 | Lair:5   | Reached skill level 10 in Shields
 18201 | Lair:5   | Noticed an entropy weaver
 18216 | Lair:5   | Killed an entropy weaver
 18481 | Lair:5   | Noticed an entropy weaver
 18495 | Lair:5   | Killed an entropy weaver
 18791 | Lair:5   | Noticed an entropy weaver
 18803 | Lair:5   | Killed an entropy weaver
 19116 | Lair:5   | Found the +3 Elemental Staff {rElec rF++ rC++ MR++ AC+5}
 19129 | Lair:5   | Got an encrusted plate armour
 19130 | Lair:5   | Identified the cursed +1 plate armour "Quophotypn" {Str+4
                  | Int+3 Dex+2} (You found it on level 5 of the Lair of
                  | Beasts)
 19488 | Lair:5   | Found a basalt altar of Yredelemnul.
 19656 | Lair:6   | Entered Level 6 of the Lair of Beasts
 19733 | Lair:6   | Got an encrusted lajatang
 19734 | Lair:6   | Identified the +7 lajatang of Armageddon {vamp, rC+ MR+}
                  | (You found it on level 6 of the Lair of Beasts)
 19779 | Lair:6   | Found a staircase to the Slime Pits.
 19858 | Lair:6   | Reached skill level 10 in Axes
 19861 | Lair:6   | Reached skill level 10 in Dodging
 20087 | Lair:6   | Reached ****** piety under Okawaru
 20089 | Lair:6   | Received a gift from Okawaru
 20308 | Lair:6   | Gained mutation: You are mostly covered in rugged brown
                  | scales. (AC +2, +5% HP) [demonic ancestry]
 20308 | Lair:6   | Reached XP level 14. HP: 112/129 MP: 14/14
 21500 | Lair:6   | Found a runed translucent door.
 21660 | Lair:6   | Reached skill level 11 in Axes
 22077 | D:5      | Killed Amen's ghost
 22181 | D:7      | Found a bloodstained altar of Trog.
 22190 | D:7      | Received a gift from Okawaru
 22198 | D:7      | Killed Tagedieb's ghost
 22426 | Orc:1    | Entered Level 1 of the Orcish Mines
 22880 | Orc:2    | Entered Level 2 of the Orcish Mines
 23045 | Orc:2    | Noticed an orc warlord
 23060 | Orc:2    | Killed an orc warlord
 23362 | Orc:2    | Found Vaudy's Antique Armour Emporium.
 23796 | Orc:2    | Noticed Saint Roka
 23827 | Orc:2    | Killed Saint Roka
 24234 | Orc:2    | Found Ziveseg's Antique Weapon Shop.
 24282 | Orc:2    | Found Geoczaw's General Store.
 24282 | Orc:2    | Found a staircase to the Elven Halls.
 24380 | Orc:2    | Found Jydagg's Book Boutique.
 24386 | Orc:2    | Received a gift from Okawaru
 24438 | Orc:2    | Noticed a stone giant
 24450 | Orc:2    | Killed a stone giant
 25077 | Orc:2    | Bought a scroll of identify for 32 gold pieces
 25077 | Orc:2    | Bought a scroll of enchant weapon for 120 gold pieces
 25251 | D:11     | Reached XP level 15. HP: 137/139 MP: 15/15
 25333 | Spider:1 | Entered Level 1 of the Spider Nest
 25477 | Spider:1 | Reached skill level 12 in Axes
 26764 | Spider:2 | Noticed Agnes
 26819 | Spider:2 | Killed Agnes
 27212 | Spider:2 | Noticed a ghost moth
 27221 | Spider:2 | Killed a ghost moth
 27224 | Spider:2 | Received a gift from Okawaru
 27546 | Spider:2 | Noticed a ghost moth
 27572 | Spider:2 | Killed a ghost moth
 28385 | Spider:3 | Reached skill level 13 in Axes
 28409 | Spider:3 | Was placed under penance by Okawaru
 29094 | Spider:3 | Was forgiven by Okawaru
 29235 | Spider:3 | Noticed a ghost moth
 29249 | Spider:3 | Killed a ghost moth
 29249 | Spider:3 | Gained mutation: You are completely covered in rugged brown
                  | scales. (AC +3, +7% HP) [demonic ancestry]
 29249 | Spider:3 | Reached XP level 16. HP: 104/150 MP: 0/16
 29421 | Spider:3 | Got a fine pewter ring
 29422 | Spider:3 | Identified the ring "Oguuhuuf" {+Fly rElec rN+ Slay+3} (You
                  | found it on level 3 of the Spider Nest)
 29681 | Spider:4 | Entered Level 4 of the Spider Nest
 29708 | Spider:4 | Received a gift from Okawaru
 29790 | Spider:4 | Noticed Arachne
 29811 | Spider:4 | Killed Arachne
 30946 | Spider:4 | Received a gift from Okawaru
 30963 | Spider:4 | Reached skill level 14 in Axes
 30966 | Spider:4 | Was placed under penance by Okawaru
 31194 | Spider:4 | Was forgiven by Okawaru
 31371 | Spider:4 | Found a runed translucent door.
 31372 | Spider:4 | Noticed Arixos's ghost (adept VSSk)
 31572 | Spider:4 | Got a gossamer rune of Zot
 31765 | Spider:4 | Killed Arixos's ghost
 31978 | Shoals:1 | Entered Level 1 of the Shoals
 32188 | Shoals:1 | You fall into a shaft and drop 1 floor!
 32280 | Shoals:2 | Noticed Ilsuiw
 32301 | Shoals:2 | HP: 3/154 [drowned by a water elemental[Ilsuiw] (5)]
 32301 | Shoals:2 | Slain by a merfolk

Levels and vault maps discovered:
D:1:      dpeg_arrival_radiant, layout_basic
D:2:      layout_loops_ring, lemuel_doored_altar, serial_forest,
          infiniplex_forest_straight_3, infiniplex_forest_end_2,
          infiniplex_forest_straight_2, infiniplex_forest_straight_2,
          infiniplex_forest_clump_long, infiniplex_forest_clump_diagonal,
          infiniplex_forest_straight_2, uniq_crazy_yiuf_cottage
D:3:      layout_loops_cross, fedhas_altar_fruit_tree, first_ration,
          uniq_sigmund
D:4:      layout_loops_ring, nemelex_xobeh_ov_fountains_minmay,
          minmay_temple_entry_junction_2, serial_forest,
          infiniplex_forest_end_3, infiniplex_forest_end_2,
          infiniplex_forest_straight_3, infiniplex_forest_pool,
          infiniplex_forest_lined_3, infiniplex_forest_diagonal,
          infiniplex_forest_lined_corner
D:5:      layout_cave_pools, serial_rivers, chequers_serial_rivers_micro_b,
          chequers_serial_rivers_micro_e, chequers_serial_rivers_micro_b,
          chequers_serial_rivers_micro_d, hellmonk_ghost_happy_afterlife,
          minmay_quadrilaterals
D:6:      hangedman_cross_stitches, layout_layer_cave, minitemple
D:7:      layout_gridville, xom_confusion_cloud,
          gammafunk_ghost_wrathful_warriors
D:8:      kennysheep_ambush_hall, layout_basic, marbit_many_paths,
          nicolae_ossuary_entry_monument, serial_shops, kennysheep_mini,
          hangedman_decor_growths, uniq_maurice
D:9:      minmay_the_grid_triangle_9x9_rhombus_thin_mashed
          [minmay_the_grid_triangle_9x9_shrine,
          minmay_the_grid_triangle_9x9_prize_center,
          minmay_the_grid_triangle_9x9_intruding_spiral,
          minmay_the_grid_triangle_9x9_subtriangle], layout_small_grid,
          uniq_harold
D:10:     kennysheep_spiral_hall, layout_long_grid
D:11:     layout_cave_pools, dpeg_lair_monsters, erik_orc_4
Temple:   minmay_temple_curvy_branch
Lair:1:   wander_river, layout_small_grid
Lair:2:   layout_regular_city, spider_nest_entry_funnel_web, st_stairs_5,
          uniq_nergalle
Lair:3:   layout_chaotic_city, minmay_shoals_entry_beasts
Lair:4:   layout_loops_ring, chequers_serial_rivers_small_3
Lair:5:   gammafunk_mikee_crab_dinner, layout_misc_corridors, basic_altar
Lair:6:   hangedman_lair_tendril_chambers, layout_big_grid, wormcave,
          minmay_slime_entry_jelly_boxes, kennysheep_rathole,
          infiniplex_staircase_pool
Shoals:1: layout_shoals
Shoals:2: layout_shoals, serial_shops, shop_coins, uniq_ilsuiw
Spider:1: layout_spider_delve
Spider:2: layout_spider_delve, nicolae_spider_cling_halls, uniq_agnes
Spider:3: layout_spider_delve, nicolae_spider_circle_web,
          hangedman_spider_tarantella_strand
Spider:4: grunt_spider_rune_island, special_room [special_room_bee],
          ebering_ghost_reflecting_pool, uniq_arachne
Orc:1:    layout_diamond_mine, nicolae_orc_lava_tube
Orc:2:    grunt_orc_gardens, layout_caves, grunt_orc_garden, grunt_orc_garden,
          grunt_orc_garden, grunt_orc_garden, uniq_saint_roka

Skill      XL: |  1  2  3  4  5  6  7  8  9 10 11 12 13 14 15 16 |
---------------+-------------------------------------------------+-----
Armour         | 3 4 5 6 7 8 9 10 11 12 | 12.6
Dodging        | 1 2 3 4 5 6 7 8 9 10 11 12 | 12.3
Shields        | 3 4 5 6 7 8 9 10 11 12 | 12.7
Fighting       | 4 5 6 7 8 9 10 11 12 13 | 13.7
Axes           | 3 6 8 10 11 13 14 | 14.3
Unarmed Combat | |  1.7

Action                   |  1- 3 |  4- 6 |  7- 9 | 10-12 | 13-15 | 16-18 || total
-------------------------+-------+-------+-------+-------+-------+-------++-------
Melee: Dagger            |   136 |   168 |   725 |   145 |       |       ||  1174
       Unarmed           |     2 |       |       |       |       |       ||     2
       Kick              |       |    24 |   253 |   204 |   411 |   145 ||  1037
       Broad axe         |       |       |       |   434 |  1111 |   375 ||  1920
       Hand axe          |       |       |       |    28 |     7 |       ||    35
Invok: Heroism           |       |       |       |     5 |    10 |     3 ||    18
 Abil: Evoke Flight      |       |       |       |       |       |     4 ||     4
  Use: Scroll            |       |     2 |     7 |    19 |    17 |     5 ||    50
       Potion            |       |       |     3 |     7 |    16 |     4 ||    30
 Stab: Distracted        |       |       |       |     3 |    10 |       ||    13
  Eat: Chunk             |     2 |     7 |    16 |    22 |    47 |     3 ||    97
       Ration            |       |       |       |     2 |     1 |       ||     3
Armor: Scale mail        |    51 |    61 |   188 |       |       |       ||   300
       Plate armour      |       |       |    18 |   296 |   503 |   222 ||  1039
       Skin              |       |       |       |     8 |     5 |       ||    13
Dodge: Dodged            |    43 |    48 |   122 |   143 |   308 |   162 ||   826
Block: Shield            |    52 |    66 |     3 |       |       |       ||   121
       Large shield      |       |       |   466 |   574 |  1260 |   568 ||  2868
       Reflection        |       |       |       |       |       |    13 ||    13

Table legend:
 A = Non-vault XP
 B = Vault XP
 C = Vault XP percentage of total XP
 D = Non-vault monster count
 E = Vault monster count
 F = Vault count percentage of total count
                 A         B        C        D         E       F
            +---------+---------+-------+---------+---------+-------
      Total |  115932 |   98735 |  46.0 |     575 |     282 |  32.9
            +---------+---------+-------+---------+---------+-------
        D:1 |      22 |       0 |   0.0 |      13 |       0 |   0.0
        D:2 |      49 |      42 |  46.2 |      20 |       1 |   4.8
        D:3 |      59 |     231 |  79.7 |      18 |       1 |   5.3
        D:4 |     564 |       0 |   0.0 |      23 |       0 |   0.0
        D:5 |     541 |     628 |  53.7 |      17 |       4 |  19.0
        D:6 |     384 |     513 |  57.2 |       8 |       8 |  50.0
        D:7 |     460 |    2572 |  84.8 |      16 |       9 |  36.0
        D:8 |     761 |    1264 |  62.4 |      25 |       7 |  21.9
        D:9 |    3940 |    5197 |  56.9 |      34 |      11 |  24.4
       D:10 |    1931 |    2686 |  58.2 |      18 |       7 |  28.0
       D:11 |    5031 |    2092 |  29.4 |      26 |      17 |  39.5
     Lair:1 |    3631 |       0 |   0.0 |      14 |       0 |   0.0
     Lair:2 |    3738 |    2422 |  39.3 |      15 |       5 |  25.0
     Lair:3 |    2682 |     824 |  23.5 |      13 |       2 |  13.3
     Lair:4 |    3707 |       0 |   0.0 |      21 |       0 |   0.0
     Lair:5 |    1105 |   11992 |  91.6 |       6 |      12 |  66.7
     Lair:6 |    8546 |   16458 |  65.8 |      32 |      81 |  71.7
   Shoals:1 |    4580 |       0 |   0.0 |      11 |       0 |   0.0
   Shoals:2 |    2014 |    2699 |  57.3 |       6 |       3 |  33.3
   Spider:1 |   15138 |       0 |   0.0 |      43 |       0 |   0.0
   Spider:2 |   19561 |    2092 |   9.7 |      52 |       1 |   1.9
   Spider:3 |   15778 |     201 |   1.3 |      43 |       1 |   2.3
   Spider:4 |   16889 |   31042 |  64.8 |      50 |      62 |  55.4
      Orc:1 |      88 |       0 |   0.0 |       4 |       0 |   0.0
      Orc:2 |    4733 |   15547 |  76.7 |      47 |      37 |  44.0
    Ossuary |       0 |     233 | 100.0 |       0 |      13 | 100.0
            +---------+---------+-------+---------+---------+-------
